 Dungeon Crawl Stone Soup version 0.28.0-53-g5a82cb258f (webtiles) character file.

Game seed: 1720083449075461761

47 fuccboisucc420 the Skirmisher (level 3, -1/29 HPs)
             Began as a Demonspawn Abyssal Knight on July 19, 2022.
             Was a Believer of Lugonu.
             Succumbed to an adder's poison
             ... on level 2 of the Dungeon.
             The game lasted 00:06:34 (1458 turns).

fuccboisucc420 the Skirmisher (DsAK)                Turns: 1458, Time: 00:06:34

Health: -1/29      AC:  4    Str: 15    XL:     3   Next: 48%
Magic:  4/4        EV: 11    Int: 11    God:    Lugonu [**....]
Gold:   112        SH:  4    Dex: 13    Spells: 2/2 levels left

rFire   . . .      SeeInvis .   a - +1 hand axe
rCold   . . .      Faith    .   (no shield)
rNeg    . . .      Spirit   .   b - +0 leather armour
rPois   .          Reflect  .   (no helmet)
rElec   .          Harm     .   (no cloak)
rCorr   .          Rampage  .   g - +0 pair of gloves
Will    .....                   (no boots)
Stlth   +.........              (no amulet)
HPRegen 0.09/turn               (no ring)
MPRegen 0.09/turn               (no ring)

@: lethally poisoned (-1 -> -14)
A: powered by pain 1, condensation shield
a: Renounce Religion, Depart the Abyss, Bend Space


You were on level 2 of the Dungeon.
You worshipped Lugonu.
Lugonu was pleased with you.
You visited 1 branch of the dungeon, and saw 2 of its levels.
You visited the Abyss 1 time.

You collected 112 gold pieces.

Inventory:

Hand Weapons
 a - a +1 hand axe (weapon)
 f - a +1 dagger of speed
Armour
 b - a +0 leather armour (worn)
 g - a +0 pair of gloves (worn)
Scrolls
 e - 2 scrolls of silence {unknown}
 h - a scroll of brand weapon {unknown}
Potions
 c - a potion of mutation {unknown}
 i - a potion of cancellation


   Skills:
 - Level 3.2 Fighting
 * Level 3.0 Axes
 + Level 2.0 Armour
 - Level 0.8 Dodging
 + Level 0.1 Stealth
 + Level 0.2 Shields
 - Level 2.4 Invocations


You had 2 spell levels left.
You didn't know any spells.
Your spell library contained the following spells:

 Spells                   Type           Power      Damage    Failure   Level
 Ozocubu's Armour         Ice            0%         N/A       78%         3
 Metabolic Englaciation   Hex/Ice        0%         N/A       100%        5
 Simulacrum               Ice/Necr       0%         N/A       100%        6


Dungeon Overview and Level Annotations

Branches:
Dungeon (2/15)

Altars:


Innate Abilities, Weirdness & Mutations

You sometimes gain a little power by taking damage.
A meltable shield of frost defends you. (SH +4)


Message History

Okay, then.
You closely miss the adder.
The adder is moderately wounded.
You feel sick. You block the adder's attack.
You hit the adder.
The adder is severely wounded.
You feel sick. The adder barely misses you. The adder bites you.
You closely miss the adder.
The adder is severely wounded.
You feel sick. The adder closely misses you. The adder bites you.
* * * LOW HITPOINT WARNING * * *
You feel better. The adder barely misses you.
You hit the adder.
The adder is almost dead.
The adder barely misses you.
You miss the adder.
The adder is almost dead.
The adder bites you.
You are poisoned.
The adder poisons you! The adder bites you but does no damage.
You barely miss the adder.
The adder is almost dead.
You feel sick. The adder bites you but does no damage.
You hit the adder but do no damage.
The adder is almost dead.
You feel sick. The adder bites you.
* * * LOW HITPOINT WARNING * * *
You are lethally poisoned!
The adder poisons you! The adder barely misses you.
You barely miss the adder.
The adder is almost dead.
* * * LOW HITPOINT WARNING * * *
You feel sick. The adder bites you.
* * * LOW HITPOINT WARNING * * *
You are more poisoned.
The adder poisons you!
You hit the adder.
You kill the adder!
Lugonu accepts your kill.
You die...

#########)...###
#.#.......'....+.#
#.#.#######....#..
#.#.# ######..
#.#.# #.. #.#.#
######.. #.#.#
#....... #†#.#
#.###... #@#.#
#......#
#.#.###########.##
#.#.#...........#.
#.#.#.#...#######.
#.#.#.#...# ####.
#.#.#.#...####....
#.#.#.....##...#..
#.#.#.<.####....#.
#.#.#...####......


There were no monsters in sight!

Vanquished Creatures
  2 adders (D:2)
  3 ball pythons
  8 bats
  3 endoplasms
  A giant cockroach (D:1)
  3 goblins
  4 hobgoblins (D:1)
  3 quokkas
  4 frilled lizards
  3 kobolds
  3 rats
37 creatures vanquished.

Notes
Turn   | Place    | Note
-------+----------+-------------------------------------------
     0 | Abyss:1  | fuccboisucc420 the Demonspawn Abyssal Knight began the
                  | quest for the Orb.
     0 | Abyss:1  | Reached XP level 1. HP: 18/18 MP: 2/2
    30 | D:1      | Escaped the Abyss
   217 | D:1      | Gained mutation: A meltable shield of frost defends you.
                  | (SH +4) [demonic ancestry]
   217 | D:1      | Reached XP level 2. HP: 23/24 MP: 3/3
  1063 | D:2      | Gained mutation: You sometimes gain a little power by
                  | taking damage. [demonic ancestry]
  1063 | D:2      | Reached XP level 3. HP: 24/29 MP: 4/4
  1132 | D:2      | Reached ** piety under Lugonu
  1458 | D:2      | Succumbed to an adder's poison

Illustrated notes

Levels and vault maps discovered:
D:1:      wander_arrival_peaceful_grave, layout_rooms, hangedman_decor_growths
D:2:      layout_basic, ebering_ecumenical_altar_petrified,
          minmay_misc_feat_hallway, grunt_ministairs_5,
          hangedman_abyss_or_decor_lesser_grid, minmay_small_reverse_x

Skill      XL: |  1  2  3 |
---------------+----------+-----
Axes           | 2 3 |  3.0
Armour         | 2 |  2.0
Fighting       | |  3.2
Dodging        | |  0.8
Stealth        | |  0.1
Shields        | |  0.2
Invocations    | |  2.4

Action                   || total
-------------------------++-------
Melee: Hand axe          ||   117
       Punch             ||     3
  Use: Scroll            ||     2
       Potion            ||     1
 Stab: Sleeping          ||     2
Armor: Leather armour    ||    42
Dodge: Dodged            ||    68
Block: Other             ||    12
